 Dungeon Crawl Stone Soup version 0.29.1-1-gd02db6906a (webtiles) character file.

Game seed: 308409337864810253

40 Orsonium the Charlatan (level 3, -3/25 HPs)
             Began as a Formicid Wanderer on Sept 20, 2022.
             Slain by a gnoll
             ... wielding a +0 halberd
              (10 damage)
             ... on level 2 of the Dungeon.
             The game lasted 00:03:49 (956 turns).

Orsonium the Charlatan (Formicid Wanderer)           Turns: 956, Time: 00:03:49

Health: -3/25      AC:  5    Str: 18    XL:     3   Next: 72%
Magic:  4/4        EV: 11    Int: 11    God:
Gold:   88         SH:  0    Dex: 13    Spells: 3/4 levels left

rFire   . . .      SeeInvis +   a - +0 club
rCold   . . .      Faith    .   (no shield)
rNeg    . . .      Spirit   .   d - +0 leather armour
rPois   +          Reflect  .   (helmet unavailable)
rElec   .          Harm     .   b - +0 cloak
rCorr   .          Rampage  .   l - +0 pair of gloves
Will    .....                   (no boots)
Stlth   ++........              i - amulet of regeneration
HPRegen 0.88/turn               g - ring of poison resistance
MPRegen 0.09/turn               (no ring)

@: no status effects
A: permanent stasis, dig shafts and tunnels, antennae 3, four strong arms
a: Dig, Shaft Self


You were on level 2 of the Dungeon.
You visited 1 branch of the dungeon, and saw 2 of its levels.

You collected 88 gold pieces.

Inventory:

Hand Weapons
 a - a +0 club (weapon)
Armour
 b - a +0 cloak (worn)
 d - a +0 leather armour (worn)
 l - a +0 pair of gloves (worn)
Jewellery
 g - a ring of poison resistance (left hand)
 i - an amulet of regeneration (around neck)
Wands
 e - a wand of light (3)
Scrolls
 c - 2 scrolls of fear
 f - a scroll of vulnerability {unknown}
 j - a scroll of identify {unknown}
 k - 2 scrolls of teleportation {unknown}
 m - a scroll of amnesia {unknown}
 n - a scroll of noise {unknown}
Potions
 h - 3 potions of curing {unknown}


   Skills:
 + Level 0.7 Fighting
 + Level 1.9 Maces & Flails
 - Level 1.0 Throwing
 + Level 1.2 Armour
 + Level 1.1 Dodging
 - Level 2.4 Stealth
 - Level 1.1 Spellcasting
 - Level 2.4 Earth Magic
 - Level 4.3 Evocations


You had 3 spell levels left.
You knew the following spells:

 Your Spells              Type           Power      Damage    Failure   Level
a - Sandblast             Erth           10%        2d5       14%         1

Your spell library contained the following spells:

 Spells                   Type           Power      Damage    Failure   Level
 Sting                    Tmut/Pois      0%         1d3       36%         1
 Poisonous Vapours        Pois/Air       0%         N/A       50%         2
 Stone Arrow              Conj/Erth      6%         3d7       56%         3
 Olgreb's Toxic Radiance  Pois           0%         N/A       98%         4


Dungeon Overview and Level Annotations

Branches:
Dungeon (2/15)

Altars:


Innate Abilities, Weirdness & Mutations

You cannot be hasted, slowed, berserked, paralysed or teleported.
You can dig through walls and to a lower floor.
You have a pair of large antennae on your head. (SInv)
Your four strong arms can wield two-handed weapons with a shield.


Message History

The gnoll shouts!
A gnoll comes into view. It is wielding a +0 halberd.
The gnoll hits you but does no damage. The gnoll closely misses you.
You hit the gnoll.
The gnoll is moderately wounded.
The gnoll hits you but does no damage. The gnoll barely misses you.
You hit the gnoll.
The gnoll is severely wounded.
The gnoll hits you with a +0 spear.
You hit the gnoll.
The gnoll is almost dead.
The gnoll hits you but does no damage.
You closely miss the gnoll.
The gnoll is almost dead.
The gnoll closely misses you.
You closely miss the gnoll.
The gnoll is almost dead.
The gnoll barely misses you.
You hit the gnoll but do no damage.
The gnoll is almost dead.
The gnoll barely misses you. The gnoll hits you with a +0 spear.
You completely miss the gnoll.
The gnoll is almost dead.
The gnoll hits you with a +0 spear.
You closely miss the gnoll.
The gnoll is almost dead.
The gnoll hits you with a +0 spear.
You hit the gnoll.
You kill the gnoll!
You hit the gnoll.
The gnoll is moderately wounded.
The gnoll hits you with a +0 whip.
The gnoll hits you from afar with a +0 halberd.
You hit the gnoll.
The gnoll is heavily wounded.
The gnoll hits you with a +0 whip.
* * * LOW HITPOINT WARNING * * *
The gnoll hits you from afar with a +0 halberd!
You die...

# .# ##. .# #..
#####.# #.#
#.....##### #.#
#.#......>. ..#
#.#.####### #g#
#.#.# #g# #.#.#
#@# #.#.#
#######.#
#.#.####.......#
#.#<##.....###.#
#.#.##>....###.#
#.#............#
#.####.....#####
# #.# #.....#
#.#.# ###.###


You could see 2 gnolls.

Vanquished Creatures
  A gnoll (D:2)
  A dart slug (D:1)
  3 ball pythons (D:1)
  A bat (D:1)
  An endoplasm (D:1)
  A giant cockroach (D:2)
  3 goblins (D:1)
  3 hobgoblins (D:1)
  4 jackals (D:1)
  2 quokkas (D:1)
  A frilled lizard (D:1)
  3 kobolds (D:1)
  A rat (D:1)
25 creatures vanquished.

Notes
Turn   | Place    | Note
-------+----------+-------------------------------------------
     0 | D:1      | Orsonium the Formicid Wanderer began the quest for the Orb.
     0 | D:1      | Orsonium set off with the following items: a +0 club, a +0
                  | cloak, a scroll of fear, a +0 leather armour, a wand of
                  | light (3); and the following spell memorised: Sandblast;
                  | and the following spells available to memorise: Stone
                  | Arrow.
     0 | D:1      | Reached XP level 1. HP: 13/13 MP: 2/2
   103 | D:1      | Reached skill level 1 in Maces & Flails
   103 | D:1      | Reached XP level 2. HP: 18/20 MP: 3/3
   564 | D:1      | Reached XP level 3. HP: 25/25 MP: 4/4
   571 | D:1      | Reached skill level 1 in Armour
   749 | D:1      | Reached skill level 1 in Dodging
   767 | D:1      | Found a faded altar of an unknown god.
   956 | D:2      | Slain by a gnoll

Illustrated notes

Levels and vault maps discovered:
D:1:      dpeg_arrival_radiant, layout_rooms, ebering_ecumenical_altar_webs
D:2:      layout_loops_ring

Skill      XL: |  1  2  3 |
---------------+----------+-----
Maces & Flails | 1 |  1.9
Armour         | 1 |  1.2
Dodging        | 1 |  1.1
Fighting       | |  0.7
Throwing       | |  1.0
Stealth        | |  2.4
Spellcasting   | |  1.1
Earth Magic    | |  2.4
Evocations     | |  4.3

Action                   || total
-------------------------++-------
Melee: Club              ||    97
 Stab: Sleeping          ||     2
Armor: Leather armour    ||    37
Dodge: Dodged            ||    62
